Map: Ruins of Seras

Players

Javert

  • Race: Zerg Zerg
  • League: Grandmaster

Grubnik - Winner!

  • Race: Terran Terran
  • League: Gold

VOD

Have the link to the VOD?

Description

Time

  • Played on: July 14, 2015, 11:57 p.m.
  • Length: 8:59
Show
View Real Time Build Order
Export as new Build Order

Javert Zerg 

Build Orders: Hatch First 

Get SALT Encoding   

  12  0:01  Drone  
  13  0:14  Overlord  
  13  0:18  Drone  
  14  0:32  Drone x2  
  16  0:51  Hatchery  
  16  0:53  Drone  
  16  0:55  Extractor  
  15  0:58  Drone  
  15  1:02  Drone  
  17  1:13  Drone  
  18  1:22  Spawning Pool  
  18  1:24  Drone  
  18  1:33  Drone  
  19  1:41  Drone  
  20  1:51  Overlord  
  20  2:08  Metabolic Boost  
  20  2:09  Queen  
  20  2:10  Queen  
  20  2:13  Zergling x2  
  20  2:14  Zergling x2  
  26  2:17  Zergling x2  
  27  2:33  Drone x3  
  29  2:56  Drone  
  29  2:57  Drone x4  
  34  3:04  Overlord  
  34  3:09  Overlord  
  34  3:33  Queen x2  
  38  3:35  Zergling x22  
  49  3:58  Hatchery  
  39  4:29  Drone x12  
  47  4:36  Lair  
  47  4:46  Zergling x10  
  52  4:53  Overlord  
  52  4:54  Spine Crawler  
  52  4:55  Extractor  
  50  5:13  Extractor  
  50  5:14  Extractor  
  48  5:18  Overlord, Drone  
  48  5:19  Drone x10  
  59  5:30  Overlord  
  58  5:47  Spire  
  57  5:52  Overlord  
  57  6:03  Overlord x2  
  57  6:05  Drone x3  
  57  6:06  Drone x2  
  57  6:07  Overlord  
  57  6:08  Overlord  
  62  6:14  Overseer  
  62  6:18  Spore Crawler, Overseer  
  62  6:21  Drone x5  
  62  6:22  Drone x2, Spine Crawler  
  67  6:46  Baneling Nest  
  66  6:48  Overlord  
  66  6:49  Drone  
  66  6:50  Drone  
  66  6:53  Drone x14  
  66  6:54  Evolution Chamber x2  
  80  7:01  Mutalisk x3  
  80  7:07  Mutalisk x2  
  90  7:21  Mutalisk x6  
  102  7:31  Extractor  
  102  7:32  Extractor  
  102  7:35  Overlord  
  100  7:39  Burrow  
  100  7:42  Zergling x2  
  100  7:43  Zergling x22  
  112  8:01  Drone x10  
  122  8:15  Overlord x2  
  120  8:28  Overlord x2  
Show
View Real Time Build Order
Export as new Build Order

Grubnik Terran - Winner!

Build Orders: Reaper Expand, MMM Bio 

Get SALT Encoding   

  12  0:01  SCV  
  13  0:13  SCV  
  14  0:18  Supply Depot  
  14  0:25  SCV  
  15  0:42  Barracks  
  15  0:45  SCV  
  16  0:50  Refinery  
  16  0:58  SCV  
  17  1:10  SCV  
  18  1:30  Orbital Command  
  18  1:37  Reaper  
  19  1:49  Command Center  
  19  1:50  Supply Depot  
  19  1:57  SCV  
  20  2:10  SCV  
  20  2:11  Factory  
  21  2:24  SCV  
  22  2:33  Barracks Reactor  
  22  2:48  SCV  
  23  2:53  Command Center  
  23  3:02  Supply Depot  
  24  3:07  Orbital Command  
  23  3:18  SCV  
  24  3:26  Hellion x2, Barracks Tech Lab  
  28  3:34  SCV x2  
  29  3:41  Bunker  
  29  3:42  Supply Depot  
  29  3:46  SCV x2  
  29  3:47  Hellion, Marine  
  34  3:49  Hellion  
  36  3:56  Stimpack  
  36  3:58  SCV  
  36  3:59  SCV  
  38  4:08  Supply Depot  
  38  4:23  Hellion x2, Marine  
  41  4:33  SCV x2  
  41  4:35  Orbital Command  
  43  4:45  SCV, Refinery, Barracks  
  44  4:46  Barracks  
  44  4:47  Refinery  
  44  4:48  SCV, Supply Depot  
  45  4:55  Supply Depot  
  45  5:00  SCV x2  
  45  5:06  Barracks  
  47  5:08  SCV  
  48  5:14  Factory Reactor  
  48  5:20  SCV  
  48  5:21  SCV  
  50  5:22  SCV  
  50  5:24  Marine  
  52  5:30  Barracks  
  52  5:33  SCV x2  
  52  5:34  SCV  
  52  5:35  Starport  
  55  5:41  Barracks Reactor  
  55  5:47  Barracks Reactor  
  55  5:52  Engineering Bay  
  55  5:53  SCV x2, Engineering Bay  
  55  5:54  SCV  
  58  6:00  Marine  
  58  6:01  Marine x2  
  58  6:04  Combat Shields  
  61  6:05  SCV, Orbital Command  
  61  6:08  SCV  
  64  6:12  Refinery  
  64  6:17  SCV  
  64  6:20  Terran Infantry Weapons Level 1, Terran Infantry Armor Level 1  
  64  6:21  Factory Tech Lab  
  64  6:23  Marine x2  
  64  6:24  Marine x4  
  70  6:29  Barracks Reactor  
  70  6:31  Marine  
  71  6:39  Medivac x2  
  75  6:43  Marine x5  
  75  6:44  Marine  
  81  6:50  SCV x3  
  81  6:51  Missile Turret, Barracks x2  
  81  6:53  Barracks x2  
  84  6:56  Marine  
  84  6:57  Siege Tank  
  88  7:01  Armory, Marine  
  88  7:02  Marine  
  88  7:07  SCV, Supply Depot  
  91  7:09  Supply Depot  
  91  7:18  Missile Turret  
  91  7:21  Marine x3  
  91  7:22  Marine x3  
  97  7:25  SCV x2  
  99  7:33  Missile Turret  
  99  7:35  Missile Turret  
  99  7:40  Missile Turret  
  99  7:42  SCV x2, Marine x2  
  99  7:43  Barracks Reactor x3, Marine  
  104  7:44  Barracks Reactor  
  104  8:00  SCV x2  
  104  8:01  SCV  
  104  8:02  Marine  
  104  8:03  Bunker, Marine x7  
  115  8:06  Factory  
  115  8:12  Siege Tank  
  112  8:25  Marauder, Marine x3  
  117  8:36  Marine x8  
  117  8:40  Missile Turret  
Tags
 
Add a new tag
Caveats
  • Supply blocks, unpowered buildings, or Contaminate may cause inaccurate times.
  • Supply counts are checked every 10 seconds.